 Dungeon Crawl Stone Soup version 0.17.1-3-g152610e (webtiles) character file.

5366 Lusmu the Spear-Bearer (level 10, -1/79 HPs)
             Began as a Merfolk Ice Elementalist on Mar 16, 2016.
             Was a Priest of Vehumet.
             Slain by a small abomination (7 damage)
             ... summoned by a giant orange brain
             ... on level 1 of the Abyss.
             The game lasted 01:43:17 (14603 turns).

Lusmu the Spear-Bearer (Merfolk Ice Elementalist)  Turns: 14603, Time: 01:43:17

Health: -1/79      AC:  9    Str:  9    XL:     10   Next: 65%
Magic:  13/13      EV: 17    Int: 17    God:    Vehumet [***...]
Gold:   531        SH:  0    Dex: 18    Spells: 4 memorised, 5 levels left

rFire  . . .     SeeInvis +     J - +2 trident (flame)
rCold  . . .     Clarity  .     a - +0 robe
rNeg   . . .     SustAt   .     (no shield)
rPois  .         Gourm    .     l - +0 helmet
rElec  +         Spirit   .     k - +0 cloak "Ubisal" {rElec Int+2 SInv}
rCorr  +         Warding  .     i - +1 pair of gloves
rMut   .         Stasis   .     w - +2 pair of boots
MR     .....                    H - amulet of resist corrosion
Stlth  +++.......               (no ring)
                                q - +3 ring of dexterity

@: drained, not resistant to hostile enchantments, fairly stealthy
A: change form in water, swift swim, blurry vision 1, dopey 1
a: Renounce Religion


You were on level 1 of the Abyss.
You worshipped Vehumet.
Vehumet was most pleased with you.
You were not hungry.

You visited 2 branches of the dungeon, and saw 10 of its levels.
You visited the Abyss 1 time.

You collected 531 gold pieces.

Inventory:

Hand Weapons
 d - a +2 longbow of velocity
 J - a +2 trident of flaming (weapon)
Missiles
 t - 5 javelins of penetration (quivered)
Armour
 a - a +0 robe (worn)
 i - a +1 pair of gloves (worn)
 k - the +0 cloak "Ubisal" (worn) {rElec Int+2 SInv}
   (You found it on level 8 of the Dungeon)

   It affects your intelligence (+2).
   It insulates you from electricity.
   It lets you see invisible.
 l - a +0 helmet (worn)
 w - a +2 pair of boots (worn)
Rods
 h - a +4 rod of shadows (11/11)
   (You found it on level 8 of the Dungeon)
Jewellery
 o - an uncursed ring of ice
 q - a +3 ring of dexterity (left hand)
 H - an amulet of resist corrosion (around neck)
Wands
 e - a wand of flame (22)
 u - a wand of slowing (21)
 D - a wand of cold (10)
 G - a wand of frost (28)
Scrolls
 f - a scroll of enchant weapon
 j - 3 scrolls of recharging
 r - a scroll of magic mapping {unknown}
 s - 5 scrolls of remove curse
 y - a scroll of fog
 z - 2 scrolls of noise
Potions
 g - a potion of lignification {unknown}
 x - a potion of degeneration {unknown}
 B - 2 potions of agility
 C - a potion of curing
 E - a potion of heal wounds
 F - 2 potions of poison {unknown}
 I - a potion of flight {unknown}
Books
 b - a book of Frost

   Spells                             Type                      Level
   a - Freeze                         Ice                          1
   b - Throw Frost                    Conjuration/Ice              2
   c - Ozocubu's Armour               Charms/Ice                   3
   d - Throw Icicle                   Conjuration/Ice              4
   e - Summon Ice Beast               Ice/Summoning                4
   f - Condensation Shield            Ice                          4
 v - a book of Hinderance

   Spells                             Type                      Level
   a - Confusing Touch                Hexes                        2
   b - Confuse                        Hexes                        3
   c - Gell's Gravitas                Hexes/Translocation          3
   d - Petrify                        Transmutation/Earth          4
   e - Metabolic Englaciation         Hexes/Ice                    5
Comestibles
 c - 5 bread rations
 n - a beef jerky


   Skills:
 - Level 7.1(7.0) Fighting
 - Level 8.8(8.6) Polearms
 - Level 7.0(6.9) Dodging
 + Level 3.6(3.5) Stealth
 - Level 2.5(2.4) Spellcasting
 - Level 6.0(5.9) Conjurations
 - Level 3.1(2.9) Charms
 - Level 7.0(6.9) Ice Magic
 - Level 5.2(5.1) Evocations


You had 5 spell levels left.
You knew the following spells:

 Your Spells              Type           Power        Failure   Level  Hunger
a - Freeze                Ice            ####         1%          1    #......
b - Magic Dart            Conj           ###.         1%          1    #......
c - Ozocubu's Armour      Chrm/Ice       ###.....     10%         3    ###....
d - Throw Icicle          Conj/Ice       ###.....     4%          4    #####..


Dungeon Overview and Level Annotations

Branches:
Dungeon (9/15)             Temple (1/1) D:5            Lair (0/8) D:9
    Orc: D:9-12

Altars:
Ashenzari
Cheibriados
Dithmenos
Elyvilon
Fedhas
Gozag
Kikubaaqudgha
Makhleb
Nemelex Xobeh
Okawaru
Qazlal
Ru
Sif Muna
Trog
Vehumet
Xom
Yredelemnul
Zin
The Shining One

Shops:
D:5 [

Annotations:
D:3 Thael's ghost, amateur MiFi
D:6 Grinder; Lusmu's ghost, novice DsFE
D:9 Erolcha


Innate Abilities, Weirdness & Mutations

You revert to your normal form in water.
You are very nimble and swift while swimming.
Scrolls take you a little longer to read.
You are dopey. (Int -2)


Message History

The starspawn tentacle segment is moderately damaged.
The small abomination misses you.
Unknown command.
Read which item? (? for menu, Esc to quit)
Really read with blurry vision while enemies are nearby?
The giant orange brain pulsates.
The starspawn tentacle grabs you. The starspawn tentacle constricts you.
The small abomination closely misses you.
You begin reading the scroll.
You continue reading the scroll.
The starspawn tentacle loses its grip on you.
The starspawn's tentacles wither and die.
The tentacled starspawn dissolves into shadows!
The quasit dissolves into shadows!
The small abomination hits you!!
* * * LOW HITPOINT WARNING * * *
As you read the scroll of fear, it crumbles to dust.
You assume a fearsome visage.
The giant orange brain easily resists.
The small abomination is unaffected.
The sixfirhy is unaffected.
The small abomination closely misses you.
The small abomination hits you!
You die...

. # ## .# .#.. ##
... # ###.##
.##...... # ...
..# ##.#...#..#
.... .. .. .
......#...#......
.. .
.####..##..G##
... ...
...#......#...#
...... #
#.......#....# #
.. # # #
#.###4...#..# ..
.# .#.#...@x...#.
# .... ##
#.#.#...##.#.. .
.. ..#
#.#..##...#.#.##
#. ##.#.#.## .#.
#... ..#.### ..
.# #.. ..## . .#
... # # ## . ..


You could see a giant orange brain, a sixfirhy and a small abomination.

Vanquished Creatures
  A fire drake (D:9)
  A two-headed ogre (D:8)
  A troll (D:8)
  A wyvern (D:9)
  2 hungry ghosts
  Eustachio (D:6)
  A neqoxec (Abyss:1)
  3 sky beasts
  4 orc warriors
  An ice beast (D:7)
  2 phantoms (D:8)
  3 ogres
  A centaur (D:6)
  2 big kobolds
  2 giant frogs
  4 scorpions
  6 wights (D:8)
  13 killer bees
  2 centaur zombies
  A giant frog zombie (D:5)
  A wasp zombie (D:6)
  2 jellies
  3 crimson imps
  3 giant frog skeletons
  6 iguanas
  6 orc priests
  4 hounds
  7 orc wizards
  4 worker ants
  A worker ant zombie (D:8)
  20 adders
  A shadow imp (D:5)
  An ooze (D:1)
  2 adder skeletons
  2 adder zombies
  A worm (D:4)
  27 orcs
  A ball python (D:5)
  7 hobgoblins
  19 kobolds
  3 quokkas
  6 bats
  8 giant cockroaches
  2 giant geckos
  3 giant newts
  14 goblins
  A quokka skeleton (D:6)
  5 rats
212 creatures vanquished.

Vanquished Creatures (others)
  A kobold (D:9)
  2 starspawn tentacles (Abyss:1)
  55 starspawn tentacle segments (Abyss:1)
58 creatures vanquished.

Grand Total: 270 creatures vanquished

Notes
Turn   | Place    | Note
--------------------------------------------------------------
     0 | D:1      | Lusmu the Merfolk Ice Elementalist began the quest for the Orb.
     0 | D:1      | Reached XP level 1. HP: 13/13 MP: 3/3
   555 | D:1      | Reached XP level 2. HP: 19/19 MP: 0/5
   735 | D:1      | Reached skill level 4 in Ice Magic
   833 | D:1      | Learned a level 2 spell: Throw Frost
  1262 | D:1      | Reached XP level 3. HP: 18/24 MP: 4/6
  1611 | D:2      | Found a sparkling altar of Nemelex Xobeh.
  1741 | D:2      | Reached XP level 4. HP: 25/30 MP: 2/7
  1872 | D:2      | Reached skill level 5 in Ice Magic
  1930 | D:2      | Learned a level 3 spell: Ozocubu's Armour
  2189 | D:3      | Reached skill level 1 in Conjurations
  2461 | D:3      | Found a basalt altar of Yredelemnul.
  2461 | D:3      | Found a deep blue altar of Sif Muna.
  2462 | D:3      | Found a sacrificial altar of Ru.
  2462 | D:3      | Found a blossoming altar of Fedhas.
  2462 | D:3      | Found a bloodstained altar of Trog.
  2480 | D:3      | Found a shadowy altar of Dithmenos.
  2480 | D:3      | Found a radiant altar of Vehumet.
  2481 | D:3      | Found a shimmering altar of Xom.
  2488 | D:3      | Reached XP level 5. HP: 35/35 MP: 0/8
  2556 | D:3      | Became a worshipper of Vehumet
  2867 | D:3      | Noticed Thael's ghost (amateur MiFi)
  2965 | D:3      | Gained mutation: Your spells are a little easier to cast, but a little less powerful. [potion of mutation]
  2965 | D:3      | Gained mutation: You are agile. (Dex +2) [potion of mutation]
  2965 | D:3      | Gained mutation: You are weak. (Str -2) [potion of mutation]
  3286 | D:4      | Reached skill level 6 in Ice Magic
  3286 | D:4      | Reached XP level 6. HP: 41/41 MP: 7/9
  4034 | D:5      | Entered Level 5 of the Dungeon
  4600 | D:5      | Found Ruunetoc's Armour Shop.
  4794 | D:5      | Found a burning altar of Makhleb.
  4873 | D:5      | Reached XP level 7. HP: 39/46 MP: 6/10
  5408 | D:5      | Reached * piety under Vehumet
  5408 | D:5      | Offered knowledge of Magic Dart by Vehumet.
  5408 | D:5      | Reached skill level 7 in Ice Magic
  5592 | D:5      | Learned a level 1 spell: Magic Dart
  5597 | D:5      | Learned a level 4 spell: Throw Icicle
  5653 | D:5      | Reached skill level 1 in Charms
  5838 | D:5      | Found a staircase to the Ecumenical Temple.
  6276 | Temple   | Entered the Ecumenical Temple
  6560 | D:5      | Reached XP level 8. HP: 32/52 MP: 0/11
  6823 | D:5      | Reached skill level 1 in Fighting
  7405 | D:6      | Found a stormy altar of Qazlal.
  7422 | D:6      | Noticed Lusmu's ghost (novice DsFE)
  7468 | D:6      | Noticed Eustachio
  7468 | D:6      | Reached skill level 5 in Conjurations
  7578 | D:6      | Killed Eustachio
  8273 | D:6      | Reached skill level 5 in Dodging
  8580 | D:7      | Found a basalt altar of Yredelemnul.
  9097 | D:6      | Reached XP level 9. HP: 37/64 MP: 12/12
  9262 | D:6      | Reached skill level 1 in Polearms
 10267 | D:6      | Noticed Grinder
 10540 | D:7      | Lost mutation: Your spells are a little easier to cast, but a little less powerful. [potion of cure mutation]
 10540 | D:7      | Lost mutation: You are weak. (Str -2) [potion of cure mutation]
 10540 | D:7      | Lost mutation: You are agile. (Dex +2) [potion of cure mutation]
 11121 | D:7      | Reached skill level 5 in Fighting
 11121 | D:7      | Reached skill level 1 in Evocations
 11191 | D:8      | Reached skill level 5 in Polearms
 11399 | D:8      | Offered knowledge of Flame Tongue by Vehumet.
 11507 | D:8      | Reached ** piety under Vehumet
 11625 | D:8      | Identified a scroll of acquirement
 11726 | D:8      | Noticed Erolcha
 12080 | D:8      | Reached XP level 10. HP: 56/76 MP: 1/13
 12184 | D:7      | Identified a +4 rod of shadows (11/11) (You found it on level 8 of the Dungeon)
 12207 | D:8      | Got a crude cloak
 12324 | D:8      | Identified the +0 cloak "Ubisal" {rElec Int+2 SInv} (You found it on level 8 of the Dungeon)
 13559 | D:9      | Reached skill level 8 in Polearms
 13695 | D:9      | Found a staircase to the Lair.
 14012 | D:8      | Offered knowledge of Stone Arrow by Vehumet.
 14012 | D:8      | Reached skill level 5 in Evocations
 14418 | D:9      | Cast into the Abyss (Erolcha)
 14511 | Abyss:1  | Noticed a starcursed mass
 14533 | Abyss:1  | Found a corrupted altar of Lugonu.
 14566 | Abyss:1  | Noticed a giant orange brain
 14579 | Abyss:1  | Gained mutation: Scrolls take you a little longer to read. [a neqoxec]
 14580 | Abyss:1  | Gained mutation: You are dopey. (Int -2) [a neqoxec]
 14582 | Abyss:1  | Reached *** piety under Vehumet
 14590 | Abyss:1  | Noticed a tentacled starspawn
 14602 | Abyss:1  | Noticed a sixfirhy
 14603 | Abyss:1  | Slain by a small abomination

Action                   |  1- 3 |  4- 6 |  7- 9 | 10-12 || total
-------------------------+-------+-------+-------+-------++-------
Melee: Club              |    33 |       |       |       ||    33
       Unarmed           |     3 |       |       |       ||     3
       Dagger            |    13 |   121 |   244 |       ||   378
       Spear             |       |       |   248 |    65 ||   313
       Trident           |       |       |       |   223 ||   223
Throw: Javelin           |       |     1 |    23 |       ||    24
 Cast: Freeze            |    41 |    51 |   162 |    40 ||   294
       Throw Frost       |     3 |     3 |     2 |       ||     8
       Magic Dart        |       |       |    65 |    13 ||    78
       Ozocubu's Armour  |       |       |    18 |    11 ||    29
       Throw Icicle      |       |       |     7 |     2 ||     9
Evoke: Wand              |       |       |       |     2 ||     2
  Use: Scroll            |       |     8 |     9 |     3 ||    20
       Potion            |       |     1 |     5 |       ||     6
 Stab: Sleeping          |     2 |    12 |     6 |     1 ||    21
       Distracted        |       |       |     2 |     1 ||     3
  Eat: Chunk             |     3 |    10 |    22 |    11 ||    46
       Beef jerky        |       |     1 |     1 |       ||     2
       Fruit             |       |       |     3 |       ||     3
       Meat ration       |       |       |     1 |       ||     1
       Pizza             |       |       |     1 |       ||     1
       Bread ration      |       |       |     2 |       ||     2
